 Dungeon Crawl Stone Soup version 0.30-a0-269-gf0224bf7b6 (webtiles) character file.

Game seed: 3213613292875125333

51585 billz999 the Fighter (level 14, -9/120 HPs)
             Began as a Vampire Earth Elementalist on Oct 15, 2022.
             Was an Elder of Sif Muna.
             Mangled by a death yak (28 damage)
             ... on level 5 of the Lair of Beasts.
             The game lasted 01:06:42 (22476 turns).

billz999 the Fighter (Vampire Earth Elementalist)  Turns: 22476, Time: 01:06:43

Health: -9/120     AC:  5    Str:  7    XL:     14   Next: 24%
Magic:  30/38      EV: 12    Int: 26    God:    Sif Muna [****..]
Gold:   664        SH:  5    Dex: 15    Spells: 30/35 levels left

rFire   + . .      SeeInvis +    w - +3 dagger (flame)
rCold   + . .      Faith    .    f - +0 buckler
rNeg    . . .      Spirit   .    a - +0 robe
rPois   .          Reflect  .    o - +0 helmet
rElec   +          Harm     .    F - scarf {rC+ rF+}
rCorr   .          Rampage  .    (no gloves)
Will    ++...                    x - +1 pair of boots of Space {rElec Regen+ Int+4}
Stlth   +++++.....               (no amulet)
HPRegen 1.40/turn                z - ring of magical power
MPRegen 0.26/turn                p - ring of willpower

@: frozen, healing quickly, very slow
A: alive, fangs 3, see invisible, vampiric 2
a: Exsanguinate, Renounce Religion, Channel Magic, Forget Spell, Divine Exegesis


You were on level 5 of the Lair of Beasts.
You worshipped Sif Muna.
Sif Muna was greatly pleased with you.
You visited 2 branches of the dungeon, and saw 14 of its levels.
You also visited: Bailey.

You collected 727 gold pieces.
You spent 63 gold pieces at shops.

Inventory:

Hand Weapons
 d - a +0 short sword
 i - a +2 whip of electrocution
 q - a +2 dagger of freezing
 w - a +3 dagger of flaming (weapon)
Armour
 a - a +0 robe (worn)
 f - a +0 buckler (worn)
 h - a +0 pair of boots
 l - a +0 cloak
 o - a +0 helmet (worn)
 x - the +1 pair of boots of Space (worn) {rElec Regen+ Int+4}
   (You found it on level 5 of the Dungeon)

   Int:       It affects your intelligence (+4).
   rElec:     It insulates you from electricity.
   Regen:     It increases your rate of health regeneration.
 F - a scarf of resistance (worn)
Magical Staves
 E - a staff of death
Jewellery
 p - a ring of willpower (right hand)
 u - a ring of protection from fire
 z - a ring of magical power (left hand)
 H - a ring of resist corrosion
 N - a ring of protection from fire
 P - an amulet of the acrobat
 R - an amulet of faith
Wands
 k - a wand of iceblast (5)
 n - a wand of flame (2)
Scrolls
 b - a scroll of summoning {unknown}
 c - 2 scrolls of teleportation
 v - a scroll of vulnerability
 y - a scroll of amnesia
 B - a scroll of blinking {unknown}
 D - a scroll of enchant armour
 G - 2 scrolls of enchant weapon {unknown}
 K - 2 scrolls of identify
 O - a scroll of acquirement {unknown}
 Q - a scroll of poison {unknown}
Potions
 e - a potion of ambrosia
 j - 2 potions of berserk rage
 m - 8 potions of curing
 r - 2 potions of flight
 s - 3 potions of might {unknown}
 t - 6 potions of attraction
 C - 2 potions of brilliance {unknown}
 I - a potion of resistance {unknown}
 J - 2 potions of lignification {unknown}
 L - a potion of degeneration {unknown}
 M - a potion of haste {unknown}


   Skills:
 - Level 14.2 Fighting
 - Level 8.1 Short Blades
 - Level 2.1 Dodging
 - Level 12.1 Stealth
 - Level 4.0 Shields
 + Level 11.1 Spellcasting
 + Level 9.2 Transmutations
 - Level 7.1 Earth Magic


You had 30 spell levels left.
You knew the following spells:

 Your Spells              Type           Power      Damage    Failure   Level
a - Sandblast             Erth           100%       2d20      1%          1
b - Petrify               Tmut/Erth      55%        N/A       1%          4

Your spell library contained the following spells:

 Spells                   Type           Power      Damage    Failure   Level
 Sting                    Tmut/Pois      100%       1d8       1%          1
 Passwall                 Tmut/Erth      45%        N/A       1%          2
 Wereblood                Tmut           58%        N/A       1%          2
 Stone Arrow              Conj/Erth      66%        3d11      3%          3
 Magic Dart               Conj           56%        1d5       5%          1
 Necrotise                Necr           56%        1d6       5%          1
 Shock                    Conj/Air       56%        1d6       5%          1
 Call Imp                 Summ           14%        N/A       8%          2
 Scorch                   Fire           28%        2d6       8%          2
 Sublimation of Blood     Necr           14%        N/A       8%          2
 Ice Form                 Ice/Tmut       38%        N/A       8%          4
 Leda's Liquefaction      Hex/Erth       16%        N/A       12%         4
 Call Canine Familiar     Summ           14%        N/A       16%         3
 Gell's Gravitas          Tloc           14%        N/A       16%         3
 Hailstorm                Conj/Ice       14%        3d5       16%         3
 Mephitic Cloud           Conj/Pois/Air  14%        N/A       16%         3
 Ozocubu's Armour         Ice            14%        N/A       16%         3
 Portal Projectile        Hex/Tloc       28%        N/A       16%         3
 Vampiric Draining        Necr           14%        2d7       16%         3
 Flame Wave               Conj/Fire      14%        2d6       45%         4
 Manifold Assault         Tloc           14%        N/A       45%         4
 Agony                    Necr           14%        N/A       82%         5
 Metabolic Englaciation   Hex/Ice        7%         N/A       82%         5
 Simulacrum               Ice/Necr       7%         N/A       100%        6
 Summon Cactus Giant      Summ           7%         N/A       100%        6
 Spellforged Servitor     Conj/Summ      7%         N/A       100%        7
 Summon Hydra             Summ           7%         N/A       100%        7
 Dragon's Call            Summ           7%         N/A       100%        9


Dungeon Overview and Level Annotations

Branches:
Dungeon (9/15)             Temple (0/1) D:7            Lair (5/5) D:9
 Shoals (0/4) Lair:3        Snake (0/4) Lair:2       Bailey (visited)
  Slime: Lair:4-5       Orc: D:9-12

Altars:
Cheibriados
Fedhas
Gozag
Kikubaaqudgha
Okawaru
Qazlal
Sif Muna
Trog
Xom
Yredelemnul

Shops:
D:2 :   D:4 [   D:9 ![

Annotations:
D:9 1 runed translucent door, Sobieck's ghost, journeyman DjCj
Lair:2 Sonja


Innate Abilities, Weirdness & Mutations

Your natural rate of healing is accelerated.
You have razor-sharp teeth.
You have supernaturally acute eyesight. (SInv)
You are afflicted with vampirism and can become a bat while bloodless.


Message History

The flash freeze hits you! You partially resist.
You are encased in ice.
The blink frog blinks!
The blink frog blinks!
The blink frog croaks.
The blink frog gives a loud, deep croak! x3
The blink frog blinks!
The blink frog hits you! The blink frog hits you. The blink frog hits you!
The blink frog blinks!
You hear a loud, deep croak!
You hear an angry hiss.
The ice encasing you melts away. You block the blink frog's attack.
The blink frog hits you! The blink frog hits you. The blink frog hits you!
The blink frog blinks!
A black mamba comes into view.
Found a scroll of magic mapping.
The blink frog closely misses you.
The blink frog blinks! x2; You block the blink frog's attack.
The blink frog hits you!
The blink frog blinks!
The blink frog attacks as you move away!
The blink frog hits you!
The blink frog blinks!
A basilisk comes into view.
The blink frog blinks!
The blink frog hits you!
* * * LOW HITPOINT WARNING * * *
The blink frog blinks!
The blink frog hits you.
* * * LOW HITPOINT WARNING * * *
The blink frog blinks!
The blink frog attacks as you move away!
The blink frog hits you!
* * * LOW HITPOINT WARNING * * *
The rime drake breathes ice at you. The flash freeze hits you.
You partially resist.
* * * LOW HITPOINT WARNING * * *
You are encased in ice.
There is a stone staircase leading up here.
You feel much better. The black mamba misses you. The blink frog misses you.
The black mamba barely misses you. The blink frog hits you!
* * * LOW HITPOINT WARNING * * *
The blink frog blinks! x2; The black mamba bites you.
* * * LOW HITPOINT WARNING * * *
The blink frog blinks!
The death yak gores you!!
You die...

..~..~.........### ####....~≈~≈.
.~~...♣P.........####.##...≈≈≈≈~~
~..~Y~.....#.......##.....~≈≈≈≈~
~~.~~.♣....##.............~≈≈≈~.
.~~.~.♣........F....÷.....≈≈≈≈~.
~~~~~♣....................~~≈≈~~
~~~~.♣..........F..........~≈≈≈~
.~~.........kF.YF..........~~≈~~
~~.♣.......§..Y§@............~..
.♣♣.P.#.......FS###.#....###.##
.....##.......## ##...... ##
.....#........# .....PP ..
#........# #....F..#.
..#.......P. ..#.....F....
........?..


You could see 2 death yaks, a black mamba, 6 blink frogs and a rime drake.

Vanquished Creatures
  4 hydras
  5 death yaks
  16 elephants
  2 merfolk sirens (Lair:3)
  A black mamba (Lair:4)
  A torpor snail (Lair:4)
  7 cane toads
  3 rime drakes
  7 komodo dragons
  2 merfolk (Lair:3)
  A hornet (D:9)
  29 blink frogs
  Prince Ribbit (Lair:2)
  4 dream sheep
  Sigmund (D:2)
  A vampire (D:9)
  24 yaks
  A wyvern (D:9)
  6 basilisks
  2 steam dragons
  An acid dragon (D:9)
  4 nagas (Lair:2)
  11 water moccasins
  2 ice beasts
  4 black bears
  4 orc warriors (Bailey)
  21 wolves
  5 centaurs
  3 sky beasts (D:6)
  17 bullfrogs
  A kobold brigand (D:7)
  2 gnoll sergeants
  A necrophage (D:7)
  4 scorpions
  8 wights
  2 electric eels (Lair:5)
  3 howler monkeys
  A jelly (D:5)
  4 orc priests
  A gnoll bouda (D:8)
  3 hounds
  6 iguanas
  8 orc wizards
  Terence (D:2)
  15 gnolls
  7 adders
  2 river rats (D:3)
  3 shadow imps
  2 white imps
  4 worms
  A dart slug (D:3)
  31 orcs
  5 ball pythons
  5 bats
  7 endoplasms
  4 giant cockroaches
  13 goblins
  18 hobgoblins
  10 jackals
  2 quokkas
  5 frilled lizards
  13 kobolds
  11 rats
  A butterfly (Lair:2)
394 creatures vanquished.

Vanquished Creatures (others)
  48 fungi
  73 plants
  2 withered plants (D:9)
123 creatures vanquished.

Grand Total: 517 creatures vanquished

Notes
Turn   | Place    | Note
-------+----------+-------------------------------------------
     0 | D:1      | billz999 the Vampire Earth Elementalist began the quest for
                  | the Orb.
     0 | D:1      | Reached XP level 1. HP: 13/13 MP: 3/3
   520 | D:1      | Reached XP level 2. HP: 12/19 MP: 0/5
   648 | D:1      | Found a faded altar of an unknown god.
  1427 | D:2      | Gained mutation: You are afflicted with vampirism and can
                  | become a bat while bloodless. [Vampire growth]
  1427 | D:2      | Reached XP level 3. HP: 24/24 MP: 2/6
  1504 | D:2      | Noticed Sigmund
  1511 | D:2      | Killed Sigmund
  1512 | D:2      | Reached XP level 4. HP: 21/30 MP: 2/7
  1512 | D:2      | Reached XP level 5. HP: 25/35 MP: 2/8
  1641 | D:2      | Found Onwyj's Book Shop.
  2062 | D:2      | Noticed Terence
  2086 | D:2      | Killed Terence
  2364 | D:3      | Reached XP level 6. HP: 38/41 MP: 3/9
  2540 | D:3      | Found a shimmering blue altar of Sif Muna.
  2574 | D:3      | Became a worshipper of Sif Muna the Loreminder
  2606 | D:3      | Learned a level 4 spell: Petrify
  3917 | D:4      | Found a shimmering altar of Xom.
  4060 | D:4      | Reached * piety under Sif Muna
  4112 | D:4      | Found a basalt altar of Yredelemnul.
  4229 | D:4      | Found Zalaryed's Armour Boutique.
  4386 | D:5      | Entered Level 5 of the Dungeon
  4389 | D:5      | Reached XP level 7. HP: 41/41 MP: 8/11
  4437 | D:5      | Identified the +1 pair of boots of Space {rElec Regen+
                  | Int+4}
  4569 | D:5      | Reached skill level 5 in Earth Magic
  4988 | D:5      | Found a bloodstained altar of Trog.
  5326 | D:6      | Reached skill level 5 in Transmutations
  5442 | D:6      | Found a blossoming altar of Fedhas.
  5442 | D:6      | Found a stormy altar of Qazlal.
  5483 | D:6      | Reached XP level 8. HP: 52/52 MP: 11/14
  5967 | D:6      | Found an opulent altar of Gozag.
  6038 | D:7      | Reached skill level 5 in Spellcasting
  6717 | D:6      | Reached ** piety under Sif Muna
  7063 | D:6      | Reached XP level 9. HP: 57/57 MP: 13/18
  7281 | D:7      | Got Sessucue's Compendium of Assembled Gusts
  8274 | D:7      | Found a staircase to the Ecumenical Temple.
  8423 | D:8      | Found a flagged portal.
  8459 | Bailey   | Entered a bailey
  8918 | Bailey   | Noticed an orc knight
  8918 | Bailey   | Noticed an orc knight
  9334 | D:8      | Reached *** piety under Sif Muna
  9508 | D:8      | Found an iron altar of Okawaru.
  9688 | D:8      | Found an ancient bone altar of Kikubaaqudgha.
  9688 | D:8      | Found a snail-covered altar of Cheibriados.
  9929 | D:8      | Reached skill level 1 in Fighting
 10368 | D:7      | Reached skill level 2 in Fighting
 10368 | D:7      | Reached XP level 10. HP: 67/67 MP: 18/22
 10786 | D:9      | Reached skill level 3 in Fighting
 10971 | D:9      | Found a staircase to the Lair.
 11131 | D:9      | Found a runed translucent door.
 11162 | D:9      | Noticed Sobieck's ghost (journeyman DjCj)
 11241 | D:9      | Found Ceock's Distillery.
 11491 | D:9      | Reached skill level 4 in Fighting
 11815 | D:9      | Found Haad's Armour Shoppe.
 11910 | D:9      | Bought a +0 helmet for 63 gold pieces
 11918 | D:9      | Reached skill level 6 in Fighting
 11918 | D:9      | Reached skill level 5 in Short Blades
 11918 | D:9      | Reached XP level 11. HP: 83/83 MP: 24/24
 11919 | D:9      | Reached skill level 8 in Fighting
 11919 | D:9      | Reached XP level 12. HP: 92/92 MP: 25/25
 12036 | Lair:1   | Entered Level 1 of the Lair of Beasts
 12837 | Lair:2   | Found a staircase to the Snake Pit.
 13015 | Lair:2   | Reached **** piety under Sif Muna
 13321 | Lair:2   | Reached skill level 9 in Fighting
 13651 | Lair:2   | Noticed Sonja
 13771 | Lair:2   | Noticed Prince Ribbit
 13967 | Lair:2   | Reached skill level 10 in Spellcasting
 14077 | Lair:2   | Reached XP level 13. HP: 62/101 MP: 27/27
 14222 | Lair:2   | Killed Prince Ribbit
 14504 | Lair:2   | Reached skill level 10 in Fighting
 15912 | Lair:2   | Reached skill level 11 in Fighting
 16324 | Lair:3   | Reached ***** piety under Sif Muna
 16363 | Lair:3   | Received a gift from Sif Muna
 16493 | Lair:3   | Got Sif Muna's Codex of Displaced Sculpting {god gift}
 16616 | Lair:3   | Reached skill level 12 in Fighting
 17421 | Lair:3   | Found a staircase to the Shoals.
 18449 | Lair:4   | Reached skill level 13 in Fighting
 19048 | Lair:5   | Entered Level 5 of the Lair of Beasts
 19225 | Lair:4   | Reached XP level 14. HP: 75/118 MP: 9/29
 20755 | Lair:4   | Reached skill level 14 in Fighting
 22476 | Lair:5   | Mangled by a death yak

Illustrated notes

Levels and vault maps discovered:
D:1:      doesnt_arrival_eight_statues, layout_basic,
          shapermc_ecumenical_altar_acropolis
D:2:      minmay_angry_zag, layout_basic, serial_shops, shop,
          minmay_misc_feat_rugged, kennysheep_big_empty_room,
          hangedman_glass_teeth, minmay_between, uniq_terence, uniq_sigmund
D:3:      layout_basic, old_standard_altar, lightli_sewer_entry_pipes
D:4:      layout_gridville, lemuel_doored_altar, xom_butterflies, serial_shops,
          nicolae_shop_advertising_works [nicolae_subvault_shop_adworks],
          st_stairs_7, wad_floor_pattern_untrapped,
          nicolae_concentric_dashed_squares_wild
D:5:      layout_loops_ring, trog_butcher_becter, skrybe_limestone_x,
          serial_park_tiny_2
D:6:      layout_basic, grunt_temple_overflow_forces_of_nature,
          mainiacjoe_overflow_swirl, nicolae_benzene_ring, grunt_ministairs_11
D:7:      layout_basic, minmay_temple_entry_enclosed_plants
D:8:      layout_rooms, gammafunk_temple_overflow_wave,
          mainiacjoe_overflow_alcove_2, enter_bailey_5
D:9:      layout_loops_cross, david_lair_generic, gammafunk_ghost_grave,
          serial_shops, kennysheep_little_box, kennysheep_windowed_goal
Lair:1:   layout_concentric_octagons, lemuel_fruit_fields,
          infiniplex_staircase_pool_2
Lair:2:   layout_regular_city, guppyfry_snake_entry_island,
          serial_bayou_shore_b, uniq_prince_ribbit2, uniq_sonja
Lair:3:   layout_chaotic_city, elwin_shoals_entry_stream, grunt_megastairs_5
Lair:4:   layout_cave_pods, grunt_megastairs_2, lemuel_fruit_tree
Lair:5:   hangedman_lair_caniforms_friends, layout_hall_layers, wormcave,
          slime_entry_2, chequers_serial_rivers_small_a,
          nicolae_quartered_pool_super, infiniplex_staircase_pool

Skill      XL: |  1  2  3  4  5  6  7  8  9 10 11 12 13 14 |
---------------+-------------------------------------------+-----
Transmutations | 3 4 5 7 9 |  9.2
Shields        | 2 3 4 |  4.0
Earth Magic    | 4 5 6 7 |  7.1
Spellcasting   | 3 4 6 8 9 10 11 | 11.1
Fighting       | 2 6 8 9 13 14 | 14.2
Short Blades   | 5 7 8 |  8.1
Stealth        | 9 11 12 | 12.1
Dodging        | |  2.1

Action                   |  1- 3 |  4- 6 |  7- 9 | 10-12 | 13-15 || total
-------------------------+-------+-------+-------+-------+-------++-------
Melee: Whip              |     1 |    40 |    64 |       |       ||   105
       Bite              |       |     1 |    43 |    23 |    67 ||   134
       Dagger            |       |       |   169 |   178 |   301 ||   648
       Short sword       |       |       |     9 |       |       ||     9
 Cast: Sandblast         |    38 |   103 |   126 |    40 |    59 ||   366
       Petrify           |       |       |    85 |    95 |   266 ||   446
 Abil: Exsanguinate      |       |     1 |       |       |       ||     1
       Revivify          |       |     1 |       |       |       ||     1
Evoke: Wand              |       |       |     5 |       |     7 ||    12
  Use: Potion            |       |     1 |     3 |     3 |    10 ||    17
       Scroll            |       |     1 |     9 |     7 |     9 ||    26
 Stab: Petrified         |       |       |   122 |    73 |    92 ||   287
       Petrifying        |       |       |     5 |    26 |    49 ||    80
       Invisible         |       |       |       |       |     1 ||     1
       Sleeping          |       |       |       |       |     1 ||     1
Armor: Robe              |     2 |     5 |    93 |    34 |    68 ||   202
Dodge: Dodged            |    10 |    32 |   176 |    96 |   237 ||   551
Block: Buckler           |       |    12 |    84 |    33 |    90 ||   219

Table legend: (Time is in decaauts)
 A = Elapsed time spent in this place.
 B = Non-inter-level travel time spent in this place.
 C = Inter-level travel time spent in this place.
 D = Time resting spent in this place.
 E = Time spent auto-exploring this place.
 F = Levels seen in this place.
 G = Mean time per level.
                   A        B        C        D        E       F      G
               +--------+--------+--------+--------+--------+-----+--------+
         Total |  22626 |  21062 |   1564 |   4426 |  12975 |  15 | 1508.4 |
       Dungeon |  11707 |  10630 |   1077 |   1146 |   7609 |   9 | 1300.8 |
          Lair |  10393 |   9907 |    486 |   3030 |   5229 |   5 | 2078.6 |
        Bailey |    525 |    525 |      0 |    250 |    136 |   1 |  525.0 |
               +--------+--------+--------+--------+--------+-----+--------+

Top non-repeatable levels by time:
  Lair:4: 4186 daAuts
  Lair:2: 2608 daAuts
     D:6: 1885 daAuts
  Lair:3: 1772 daAuts
     D:7: 1694 daAuts
     D:1: 1455 daAuts
  Lair:1: 1298 daAuts
     D:4: 1262 daAuts
     D:9: 1180 daAuts
     D:8: 1152 daAuts
     D:2: 1030 daAuts
     D:3: 1025 daAuts
     D:5: 1020 daAuts
  Lair:5: 527 daAuts
  Bailey: 525 daAuts
